 Dungeon Crawl Stone Soup version 0.29.1-2-gbd0b4ee654 (webtiles) character file.

Game seed: 8004947211387591238

298 RascalDebosk the Magician (level 6, -9/45 HPs)
             Began as a Djinni Conjurer on Oct 24, 2022.
             Killed by nerve-wracking pain
             ... invoked by Grinder
              (10 damage)
             ... on level 4 of the Dungeon.
             The game lasted 00:21:05 (4036 turns).

RascalDebosk the Magician (Djinni Conjurer)         Turns: 4036, Time: 00:21:05

Health: -9/45      AC:  2    Str:  6    XL:     6   Next: 63%
Gold:   123        EV: 17    Int: 21    God:
                   SH:  0    Dex: 12

rFire   + + .      SeeInvis .   g - +0 long sword
rCold   x . .      Faith    .   (no shield)
rNeg    . . .      Spirit   .   a - +0 robe
rPois   ∞          Reflect  .   (no helmet)
rElec   .          Harm     .   (no cloak)
rCorr   .          Rampage  .   (no gloves)
Will    .....                   (boots unavailable)
Stlth   ++........              (no amulet)
HPRegen 0.15/turn               i - +4 ring of evasion
MPRegen 0.00/turn               (no ring)

@: flying, very slightly contaminated, studying Ranged Weapons
A: sickness immunity, fire resistance 2, cold vulnerability 1, float, innate
caster, HP casting, extra vitality 1
a: no special abilities


You were on level 4 of the Dungeon.
You visited 1 branch of the dungeon, and saw 4 of its levels.

You collected 123 gold pieces.

Inventory:

Hand Weapons
 g - a +0 long sword (weapon)
Armour
 a - a +0 robe (worn)
Jewellery
 i - a +4 ring of evasion (left hand)
Scrolls
 b - 3 scrolls of noise {unknown}
 c - 2 scrolls of immolation {unknown}
 h - a scroll of vulnerability {unknown}
 k - 2 scrolls of butterflies {unknown}
 m - a scroll of enchant armour {unknown}
Potions
 d - 2 potions of berserk rage
 e - 2 potions of invisibility
 f - a potion of haste
 j - 2 potions of resistance
 l - a potion of attraction


   Skills:
 + Level 2.8 Fighting
 + Level 4.0 Dodging
 - Level 1.5 Stealth
 * Level 4.7 Spellcasting


You couldn't memorise any spells.
You knew the following spells:

 Your Spells              Type           Power      Damage    Failure   Level
a - Magic Dart            Conj           96%        1d7       1%          1
b - Searing Ray           Conj           48%        2d6       2%          2
c - Dazzling Flash        Conj/Hex       48%        N/A       4%          3
d - Fulminant Prism       Conj/Hex       12%        3d9       16%         4
e - Iskenderun's Mystic   Conj/Tloc      24%        2d7       16%         4
f - Freeze                Ice            96%        1d11      1%          1
g - Poisonous Vapours     Pois/Air       48%        N/A       2%          2
Your spell library was empty.

Dungeon Overview and Level Annotations

Branches:
Dungeon (4/15)
 Temple: D:4-7

Altars:

Annotations:
D:4 Grinder


Innate Abilities, Weirdness & Mutations

You are immune to sickness and miasma.
You are immune to poison.
Your flesh is very heat resistant. (rF++)
You are vulnerable to cold. (rC-)
You float through the air rather than walking.
You learn spells naturally, not from books.
Your magical power is your life essence.
You have superior vitality. (+4 MHP)


Message History

Your magical contamination has completely faded away.
You start resting.
HP restored.
You fly downwards.
Level annotation: Grinder, Sigmund Sigmund points at you and mumbles some strange words.
You resist with some effort.
A goblin comes into view. It is wielding a +0 dagger.
There is a stone staircase leading up here.
Casting: Poisonous Vapours (safe; 3% risk of failure)
Confirm with . or Enter, or press ? or * to list all spells.
The spell is quite dangerous to miscast (21% risk of failure)!
Continue anyway?
You erupt in a blast of force!
The mystic blast hits Sigmund.
Sigmund is lightly wounded.
Sigmund is knocked back by the mystic blast.
Sigmund collides with Grinder!
Grinder is lightly wounded.
Sigmund is moderately wounded.
Casting: Iskenderun's Mystic Blast (quite dangerous; 21% risk of failure)
Confirm with . or Enter, or press ? or * to list all spells.
The spell is quite dangerous to miscast (21% risk of failure)!
Continue anyway?
You erupt in a blast of force!
The mystic blast hits Grinder.
Grinder is moderately wounded.
Grinder is knocked back by the mystic blast.
Grinder slams into the rock wall!
The mystic blast hits Sigmund.
Sigmund is moderately wounded.
Sigmund is knocked back by the mystic blast.
Casting: Iskenderun's Mystic Blast (quite dangerous; 21% risk of failure)
Confirm with . or Enter, or press ? or * to list all spells.
The spell is quite dangerous to miscast (21% risk of failure)!
Continue anyway?
You erupt in a blast of force!
The mystic blast hits Grinder.
Grinder is moderately wounded.
Grinder is knocked back by the mystic blast.
Grinder slams into the rock wall!
Grinder is heavily wounded.
Grinder blinks!
Casting: Iskenderun's Mystic Blast (quite dangerous; 21% risk of failure)
Confirm with . or Enter, or press ? or * to list all spells.
The spell is quite dangerous to miscast (21% risk of failure)!
Continue anyway?
You erupt in a blast of force!
The mystic blast hits Sigmund.
Sigmund is heavily wounded.
Sigmund is knocked back by the mystic blast.
Sigmund collides with the goblin!
You kill the goblin!
Sigmund gestures at you while chanting. You resist with some effort.
Casting: Iskenderun's Mystic Blast (quite dangerous; 21% risk of failure)
Confirm with . or Enter, or press ? or * to list all spells.
Aiming: Poisonous Vapours (safe; 3% risk of failure)
Press: ? - help, Dir - move target, f - Sigmund
Aim: Sigmund, wielding a +0 scythe and wearing a +0 robe (heavily wounded) Poisonous vapours surround Sigmund!
Sigmund is poisoned.
Casting: Poisonous Vapours (safe; 3% risk of failure)
Confirm with . or Enter, or press ? or * to list all spells.
The spell is quite dangerous to miscast (21% risk of failure)!
Continue anyway?
You erupt in a blast of force!
The mystic blast hits Sigmund!
Sigmund is almost dead.
Sigmund is knocked back by the mystic blast.
* * * LOW HITPOINT WARNING * * *
Casting: Iskenderun's Mystic Blast (quite dangerous; 21% risk of failure)
Confirm with . or Enter, or press ? or * to list all spells.
Aiming: Poisonous Vapours (safe; 3% risk of failure)
Press: ? - help, Dir - move target, f - Grinder, p - Sigmund
Aim: Grinder (heavily wounded) Grinder cannot be affected by poisonous vapours!
Sigmund casts a spell at you. You resist with some effort.
Casting: Poisonous Vapours (safe; 3% risk of failure)
Confirm with . or Enter, or press ? or * to list all spells.
Aiming: Searing Ray (safe; 3% risk of failure)
Press: ? - help, Shift-Dir - straight line, f - Sigmund, p - Grinder
Aim: Sigmund, wielding a +0 scythe and wearing a +0 robe (almost dead, very poisoned, 75% to hit)
The searing ray hits Grinder.
Grinder is heavily wounded.
The searing ray misses Sigmund. (Press . to maintain the ray.)
* * * LOW HITPOINT WARNING * * *
You kill Sigmund!
Your Dodging skill increases to level 4!
You have reached level 6!
The searing ray hits Grinder.
Grinder is heavily wounded.
* * * LOW HITPOINT WARNING * * *
Casting: Searing Ray (safe; 2% risk of failure)
Confirm with . or Enter, or press ? or * to list all spells.
The spell is quite dangerous to miscast (16% risk of failure)!
Continue anyway?
You miscast Iskenderun's Mystic Blast.
You are very lightly contaminated with residual magic.
Nothing appears to happen.
* * * LOW HITPOINT WARNING * * *
Grinder closely misses you. Grinder gestures at you.
Pain shoots through your body!
* * * LOW HITPOINT WARNING * * *
There is a stone staircase leading up here.
Grinder gestures at you. You resist with some effort. Grinder gestures at you.
Pain shoots through your body!
You die...

### #.# #.# #.# # #.. .
#.####.# #.#..#.#
#@#....# #.#.#....#
#...<..# .....####.#.5#.#
..
####.....#....#..#.#.#.##
##........+....#..#.#....
.. .......
#.#...##.)#....# ..
......
#.#.......###.##..# .....
#.#...###.........# .


You could see Grinder.

Vanquished Creatures
  Sigmund (D:4)
  A hound (D:4)
  Terence (D:3)
  3 adders
  3 worms (D:2)
  2 dart slugs
  An orc (D:3)
  A bat (D:2)
  4 endoplasms
  3 giant cockroaches (D:2)
  9 hobgoblins
  3 jackals (D:2)
  3 kobolds
  5 quokkas
  3 ball pythons
  A frilled lizard (D:2)
  5 goblins
  3 rats
52 creatures vanquished.

Vanquished Creatures (others)
  6 fulminant prisms
6 creatures vanquished.

Grand Total: 58 creatures vanquished

Notes
Turn   | Place    | Note
-------+----------+-------------------------------------------
     0 | D:1      | RascalDebosk the Djinni Conjurer began the quest for the
                  | Orb.
     0 | D:1      | RascalDebosk set off with the following spells memorised:
                  | Magic Dart, Searing Ray, Dazzling Flash, Fulminant Prism,
                  | Iskenderun's Mystic Blast.
     0 | D:1      | Reached XP level 1. HP: 15/15 MP: 0/0
   388 | D:1      | Reached XP level 2. HP: 16/22 MP: 0/0
   586 | D:1      | Found a faded altar of an unknown god.
   808 | D:2      | Reached XP level 3. HP: 22/26 MP: 0/0
   808 | D:2      | Learned a level 1 spell: Freeze
   875 | D:2      | Reached skill level 1 in Fighting
  1554 | D:2      | Reached XP level 4. HP: 29/32 MP: 0/0
  2144 | D:3      | Noticed Terence
  2152 | D:3      | Killed Terence
  2434 | D:3      | Reached XP level 5. HP: 36/38 MP: 0/0
  2434 | D:3      | Learned a level 2 spell: Poisonous Vapours
  3481 | D:4      | Noticed Sigmund
  3750 | D:4      | Noticed Grinder
  4031 | D:4      | Killed Sigmund
  4032 | D:4      | Reached XP level 6. HP: 18/45 MP: 0/0
  4034 | D:4      | HP: 1/45 [Grinder/nerve-wracking pain (12)]
  4036 | D:4      | Killed from afar by Grinder

Illustrated notes

Levels and vault maps discovered:
D:1:      lemuel_arrival_room, layout_rooms, dilly_ecumenical_altar_fadedgnrine,
          serial_glass, glass_columns_c, glass_columns_b, glass_columns_a,
          glass_columns_c, chequers_decorated_corner
D:2:      layout_basic, minmay_misc_feat_more_columns, minmay_pentomino_o4
D:3:      cheibrodos_greedy_goblins, layout_basic, uniq_terence
D:4:      layout_basic, mainiacjoe_overflow_cross_hatched,
          grunt_temple_overflow_open, minivault_5, uniq_grinder, uniq_sigmund

Skill      XL: |  1  2  3  4  5 |
---------------+----------------+-----
Fighting       | 1 2 |  2.8
Dodging        | 3 4 |  4.0
Spellcasting   | 4 |  4.7
Stealth        | |  1.5

Action                   |  1- 3 |  4- 6 || total
-------------------------+-------+-------++-------
 Cast: Magic Dart        |    38 |    44 ||    82
       Searing Ray       |     5 |     4 ||     9
       Fulminant Prism   |       |     6 ||     6
       Iskenderun's Myst |       |    10 ||    10
       Poisonous Vapours |       |     8 ||     8
  Use: Scroll            |       |     5 ||     5
Dodge: Dodged            |     1 |     3 ||     4
